 Dungeon Crawl Stone Soup version 0.29.1-12-g30fa7ad0bf (webtiles) character file.

Game seed: 13494511060967523772

161 hawla the Firebug (level 6, 0/45 HPs)
             Began as a Meteoran Fire Elementalist on Jan 6, 2023.
             Slain by Ijyb
             ... wielding a +0 dagger
              (2 damage)
             ... on level 4 of the Dungeon.
             The game lasted 00:03:27 (311 turns).

hawla the Firebug (Meteoran Fire Elementalist)       Turns: 311, Time: 00:03:28

Health: 0/45       AC:  2    Str: 10    XL:     6   Next: 1%
Magic:  0/12       EV: 13    Int: 19    God:
Gold:   33         SH:  0    Dex: 14    Spells: 5/12 levels left

rFire   . . .      SeeInvis .   (no weapon)
rCold   . . .      Faith    .   (no shield)
rNeg    . . .      Spirit   .   a - +0 robe
rPois   .          Reflect  .   (no helmet)
rElec   .          Harm     .   (no cloak)
rCorr   .          Rampage  .   (no gloves)
Will    .....                   (no boots)
Stlth   +.........              (no amulet)
HPRegen 0.15/turn               (no ring)
MPRegen 0.13/turn               (no ring)

@: about to teleport, glowing
A: sense surroundings 1, otherworldly, glowing, explore regen
a: no special abilities


You were on level 4 of the Dungeon.
You visited 1 branch of the dungeon, and saw 4 of its levels.

You collected 33 gold pieces.

Inventory:

Armour
 a - a +0 robe (worn)
Wands
 c - a wand of paralysis (3) (quivered)
Scrolls
 e - a scroll of identify {unknown}
 f - a scroll of vulnerability {unknown}


   Skills:
 + Level 3.0 Dodging
 - Level 1.4 Stealth
 + Level 3.6 Spellcasting
 + Level 4.2 Conjurations
 + Level 4.2 Fire Magic
 + Level 2.0 Evocations


You had 5 spell levels left.
You knew the following spells:

 Your Spells              Type           Power      Damage    Failure   Level
a - Foxfire               Conj/Fire      76%        2x1d7     2%          1
b - Scorch                Fire           38%        2d7       3%          2
c - Flame Wave            Conj/Fire      19%        2d7       26%         4

Your spell library contained the following spells:

 Spells                   Type           Power      Damage    Failure   Level
 Conjure Flame            Conj/Fire      19%        6-21      8%          3
 Inner Flame              Hex/Fire       11%        N/A       19%         3


Dungeon Overview and Level Annotations

Branches:
Dungeon (4/15) Zot: 2088
 Temple: D:4-7

Altars:

Shops:
D:4 [

Annotations:
D:4 Ijyb


Innate Abilities, Weirdness & Mutations

You passively map a small area around you.
You are easily found by Zot.
You glow in the dark.
You regain HP and MP as you explore.


Message History

You kill the orc!
You hear some strange, mumbled words.
A puff of flame appears from out of thin air!
The puff of flame hits you! Ijyb hits you with a +0 dagger.
Casting: Scorch (safe; 3% risk of failure)
Confirm with . or Enter, or press ? or * to list all spells.
Flames lash something.
Ijyb misses you. Ijyb hits you with a +0 dagger.
* * * LOW HITPOINT WARNING * * *
Unknown command.
Casting: Scorch (safe; 3% risk of failure)
Confirm with . or Enter, or press ? or * to list all spells.
Flames lash Ijyb.
Ijyb is burned terribly!
Ijyb is almost dead.
You hear some strange, mumbled words.
A puff of flame appears from out of thin air!
The puff of flame hits you!
* * * LOW HITPOINT WARNING * * *
Ijyb hits you but does no damage.
Casting: Scorch (safe; 3% risk of failure)
Confirm with . or Enter, or press ? or * to list all spells.
Flames lash something.
Reactivating autopickup.
You feel a bit more experienced.
Ijyb screams, "It's all mine!"
Ijyb hits you with a +0 dagger.
* * * LOW HITPOINT WARNING * * *
Ijyb misses you.
Training target 2.0 for Evocations reached!
Your Evocations skill increases to level 2!
You need to enable at least one skill for training.
Your Dodging skill increases to level 3!
You have reached level 6!
You feel stronger.
You aren't carrying any potions.
You aren't carrying any potions.
You aren't carrying any potions.
As you read the scroll labelled ANEPPUPURCH, it crumbles to dust.
You feel strangely unstable.
It was a scroll of teleportation.
Ijyb hits you with a +0 dagger.
You die...

* ♣.♣ ###..........
,#♣♣.♣♣###..........
.
+..∩..+............
..
#♣♣.♣♣##...........
, ... , ♣.♣
##.......... ....,
##'# ##........#
,..... #..#
##..)...## > ,
...?..#.## ########
, ......g@# ,,
......#))†)...#
**#############.. *
* *


You could see Ijyb (fast, combustible).

Vanquished Creatures
  Blork the orc (D:4)
  A hound (D:3)
  An orc wizard (D:4)
  2 adders
  A dart slug (D:3)
  4 orcs (D:4)
  An endoplasm (D:2)
  A goblin (D:4)
  A hobgoblin (D:4)
  2 quokkas
  A frilled lizard (D:1)
  A kobold (D:4)
17 creatures vanquished.

Vanquished Creatures (others)
  46 foxfires
46 creatures vanquished.

Grand Total: 63 creatures vanquished

Notes
Turn   | Place    | Note
-------+----------+-------------------------------------------
     0 | D:1      | hawla the Meteoran Fire Elementalist began the quest for
                  | the Orb.
     0 | D:1      | Reached XP level 1. HP: 14/14 MP: 5/5
   122 | D:2      | Reached XP level 2. HP: 6/20 MP: 1/6
   156 | D:3      | Learned a level 2 spell: Scorch
   159 | D:4      | Noticed a hound
   163 | D:4      | Noticed Blork the orc
   171 | D:3      | Killed a hound
   172 | D:3      | Reached XP level 3. HP: 7/26 MP: 0/9
   172 | D:3      | Reached XP level 4. HP: 9/33 MP: 0/10
   177 | D:3      | Learned a level 4 spell: Flame Wave
   259 | D:4      | Killed Blork the orc
   260 | D:4      | Reached XP level 5. HP: 38/38 MP: 3/11
   282 | D:4      | Found Vets's Armour Boutique.
   296 | D:4      | Noticed Ijyb
   298 | D:4      | Reached skill level 1 in Evocations
   310 | D:4      | HP: 1/38 [Ijyb/+0 dagger (3)]
   311 | D:4      | Reached XP level 6. HP: 1/45 MP: 0/12
   311 | D:4      | Slain by Ijyb

Illustrated notes

Levels and vault maps discovered:
D:1:      spicycebolla_green_bress_n_ham_2, layout_basic,
          dreamdust_ecumenical_altar_sealed_demon, nicolae_eternal_life
D:2:      layout_basic, serial_rivers, chequers_serial_rivers_micro_c,
          chequers_serial_rivers_small_a, chequers_serial_rivers_room_a,
          chequers_serial_rivers_large_a, chequers_serial_rivers_micro_b,
          basic_altar
D:3:      layout_basic, old_standard_altar, serial_glass, glass_columns_b,
          glass_columns_a, uniq_crazy_yiuf_cottage, uniq_grinder
D:4:      layout_rooms, general_overflow_altar, kennysheep_mini, serial_shops,
          kennysheep_little_box, uniq_ijyb, uniq_blork_the_orc

Skill      XL: |  1  2  3  4  5 |
---------------+----------------+-----
Fire Magic     | 4 |  4.2
Spellcasting   | 3 |  3.6
Conjurations   | 2 4 |  4.2
Evocations     | 2 |  2.0
Dodging        | 3 |  3.0
Stealth        | |  1.4

Action                   |  1- 3 |  4- 6 || total
-------------------------+-------+-------++-------
Melee: Unarmed           |     6 |       ||     6
 Cast: Foxfire           |    15 |    14 ||    29
       Scorch            |     2 |    10 ||    12
Evoke: Wand              |       |     1 ||     1
  Use: Scroll            |     1 |     1 ||     2
       Potion            |       |     1 ||     1
Armor: Robe              |     3 |     3 ||     6
Dodge: Dodged            |    10 |     8 ||    18
